 Dungeon Crawl Stone Soup version 0.26.0-90-g5fd8617961 (webtiles) character file.

Game seed: 6918148833750773556

191 H0rd4k the Insei (level 5, -7/33 HPs)
             Began as an Octopode Transmuter on Feb 2, 2021.
             Killed from afar by an orc wizard (8 damage)
             ... with a magic dart
             ... on level 3 of the Dungeon.
             The game lasted 00:01:53 (2236 turns).

H0rd4k the Insei (Octopode Transmuter)              Turns: 2236, Time: 00:01:54

Health: -7/33      AC:  1    Str: 11    XL:     5   Next: 70%
Magic:  8/8        EV: 13    Int: 15    God:
Gold:   72         SH:  0    Dex: 12    Spells: 7/8 levels left

rFire    . . .     SeeInvis .     - Unarmed
rCold    . . .     Faith    .   (no shield)
rNeg     . . .     Spirit   .   (helmet currently unavailable)
rPois    .         Reflect  .   (no amulet)
rElec    .         Harm     .   (no ring)
rCorr    .         Rampage  .   (no ring)
Will     .....                  (no ring)
Stlth    +++.......             (no ring)
HPRegen  0.11/turn              (no ring)
MPRegen  0.11/turn              (no ring)
                                (no ring)
                                (no ring)

@: appendages (expiring)
A: almost no armour, stealthy swim, amphibious, 8 rings, constrict 8, tentacle
spike 3, camouflage 1, gelatinous body 1
a: End Transformation


You were on level 3 of the Dungeon.
One of your tentacles had a temporary spike.
You visited 1 branch of the dungeon, and saw 4 of its levels.

You collected 72 gold pieces.

Inventory:

Missiles
 e - 4 silver javelins
Jewellery
 j - a +6 ring of strength {unknown}
Scrolls
 f - 2 scrolls of enchant weapon {unknown}
 h - a scroll of fog {unknown}
 i - 2 scrolls of identify {unknown}
 k - a scroll of remove curse {unknown}
 l - a scroll of magic mapping {unknown}
Potions
 a - a potion of heal wounds {unknown}
 b - a potion of attraction {unknown}
 c - 2 potions of lignification {unknown}
 d - a potion of haste {unknown}
 g - 2 potions of curing {unknown}


   Skills:
 + Level 1.0 Fighting
 + Level 2.4 Dodging
 + Level 4.0 Stealth
 + Level 4.6 Unarmed Combat
 + Level 2.4 Spellcasting
 + Level 2.4 Transmutations


You had 7 spell levels left.
You knew the following spells:

 Your Spells              Type           Power        Failure   Level
a - Beastly Appendage     Tmut           18%          8%          1

Your spell library contained the following spells:

 Spells                   Type           Power        Failure   Level
 Wereblood                Tmut           9%           12%         2
 Spider Form              Tmut/Pois      2%           36%         3
 Ice Form                 Ice/Tmut       5%           78%         4
 Blade Hands              Tmut           4%           91%         5


Dungeon Overview and Level Annotations

Branches:
Dungeon (4/15)
 Temple: D:4-7

Altars:
Kikubaaqudgha

Annotations:
D:4 exclusion: lemure, Edmund


Innate Abilities, Weirdness & Mutations

You cannot wear most types of armour.
You are very stealthy in the water. (Stealth+)
You are amphibious.
You can wear up to eight rings at the same time.
You can use your tentacles to constrict eight enemies at once.
Your skin changes colour to match your surroundings (Stealth+).
Your rubbery body absorbs attacks. (AC +1, EV +1)
One of your tentacles bears a large vicious spike.


Message History

Something hits you.
You closely miss something.
Your tentacle spike misses something.
Something hits you.
You closely miss something.
You hear the slow rusting of a distant drain.
Something hits you but does no damage. Something hits you.
You miss something. You squeeze something.
You hear some strange, mumbled words.
A puff of flame appears from out of thin air!
The puff of flame hits you!
* * * LOW HITPOINT WARNING * * *
You miss something.
Your tentacle spike misses something.
Your squeeze misses something. Something hits you.
* * * LOW HITPOINT WARNING * * *
You tentacle-slap something.
You pierce something.
Something hits you.
* * * LOW HITPOINT WARNING * * *
You hear some strange, mumbled words.
A magic dart appears from out of thin air!
The magic dart hits you!
You die... #.#.## ##.... .#..S.g..## #....###......?g.# ..... +.........+ .... #.........# #og

#.......# #{#
#..$..# #@# #...#
#.# #'# #.# #>#
#.# #.# #.# ##.##
#.# ##...##
#.#######.....#
#.......##...##
######...##.######


You could see an orc and a hobgoblin.

Vanquished Creatures
  A hound (D:4)
  A bullfrog skeleton (D:4)
  An iguana (D:4)
  Jessica (D:2)
  A worker ant (D:4)
  An adder (D:3)
  A worm (D:2)
  A dart slug (D:1)
  A leopard gecko (D:1)
  An orc (D:3)
  6 bats
  7 giant cockroaches
  5 goblins
  2 hobgoblins
  3 jackals (D:1)
  6 frilled lizards
  7 kobolds
46 creatures vanquished.

Notes
Turn   | Place    | Note
-------+----------+-------------------------------------------
     0 | D:1      | H0rd4k the Octopode Transmuter began the quest for the Orb.
     0 | D:1      | Reached XP level 1. HP: 13/13 MP: 3/3
   143 | D:1      | Reached XP level 2. HP: 18/18 MP: 5/5
   537 | D:1      | Reached XP level 3. HP: 23/23 MP: 6/6
  1289 | D:2      | Reached skill level 1 in Stealth
  1408 | D:2      | Noticed Jessica
  1415 | D:2      | Killed Jessica
  1416 | D:2      | Reached XP level 4. HP: 24/28 MP: 7/7
  1457 | D:2      | Found an ancient bone altar of Kikubaaqudgha.
  1555 | D:2      | You fall into a shaft and drop 2 floors!
  1568 | D:4      | Noticed a lemure
  1663 | D:4      | Reached XP level 5. HP: 27/33 MP: 6/8
  2170 | D:4      | Noticed Edmund
  2236 | D:3      | HP: 1/33 [something (2)]
  2236 | D:3      | Killed from afar by an orc wizard

Illustrated notes

Levels and vault maps discovered:
D:1:      dpeg_arrival_simpleton_b, layout_loops_ring
D:2:      layout_loops_cross, lemuel_coloured_pillars_altar, minivault_24,
          uniq_jessica
D:3:      layout_loops_corners, chequers_temple_overflow_statue_of_worship,
          portal_sewer_entry_f, uniq_robin, uniq_natasha, uniq_grinder
D:4:      minmay_bubble_buster, layout_loops_ring, nzn_wu_jian_council_hall,
          grunt_dithmenos_shadows, uniq_ijyb, uniq_edmund, uniq_pikel,
          uniq_crazy_yiuf_cottage

Skill      XL: |  1  2  3  4  5 |
---------------+----------------+-----
Stealth        | 2 3 4 |  4.0
Unarmed Combat | 4 |  4.6
Fighting       | |  1.0
Dodging        | |  2.4
Spellcasting   | |  2.4
Transmutations | |  2.4

Action                   |  1- 3 |  4- 6 || total
-------------------------+-------+-------++-------
Melee: Unarmed           |    81 |    40 ||   121
       Constrict         |    20 |     8 ||    28
       Tentacles         |    13 |     9 ||    22
       Punch             |     4 |       ||     4
       Kick              |       |    11 ||    11
 Cast: Beastly Appendage |     2 |     4 ||     6
 Stab: Sleeping          |     7 |     3 ||    10
Armor: Skin              |     6 |       ||     6
Dodge: Dodged            |    39 |    16 ||    55
